 Dungeon Crawl Stone Soup version 0.19-a0-835-gf140595 (webtiles) character file.

33 Ryco the Sneak (level 3, -3/16 HPs)
             Began as a Spriggan Enchanter on June 30, 2016.
             Killed by nerve-wracking pain
             ... invoked by an orc priest
              (14 damage)
             ... on level 3 of the Dungeon.
             The game lasted 00:05:11 (672 turns).

Ryco the Sneak (Spriggan Enchanter)                  Turns: 672, Time: 00:05:11

Health: -3/16      AC:  4    Str:  4    XL:     3   Next: 12%
Magic:  0/8        EV: 18    Int: 16    God:
Gold:   64         SH:  0    Dex: 17    Spells: 3 memorised, 1 level left

rFire  . . .     SeeInvis +     a - +1 dagger
rCold  . . .     Gourm    .     b - +1 robe
rNeg   . . .     Faith    .     (shield restricted)
rPois  .         Spirit   .     (helmet restricted)
rElec  .         Dismiss  .     e - +0 cloak
rCorr  .         Reflect  .     (gloves unavailable)
SustAt .         Harm     .     (boots unavailable)
MR     .....                    (no amulet)
Stlth  +++.......               (no ring)
                                (no ring)

@: very slightly contaminated, very quick, not resistant to hostile
enchantments, fairly stealthy
A: unfitting armour, see invisible, herbivore 3, speed 3, slow metabolism 2
a: no special abilities


You were on level 3 of the Dungeon.
You were not hungry.

You visited 1 branch of the dungeon, and saw 3 of its levels.

You collected 64 gold pieces.

Inventory:

Hand Weapons
 a - a +1 dagger (weapon)
Armour
 b - a +1 robe (worn)
 e - a +0 cloak (worn)
Wands
 j - a wand of flame (36/48)
Scrolls
 f - a scroll of enchant armour {unknown}
 g - a scroll of random uselessness {unknown}
 i - a scroll of remove curse {unknown}
Potions
 h - a potion of mutation {unknown}
Books
 c - a book of Maledictions

   Spells                             Type                      Level
   a - Corona                         Hexes                        1
   b - Ensorcelled Hibernation        Hexes/Ice                    2
   c - Confuse                        Hexes                        3
   d - Tukima's Dance                 Hexes                        3
   e - Dazzling Spray                 Conjuration/Hexes            3
Comestibles
 d - a bread ration


   Skills:
 + Level 0.2 Fighting
 * Level 1.7 Short Blades
 + Level 3.0 Dodging
 + Level 5.3 Stealth
 + Level 2.9 Spellcasting
 + Level 4.0 Hexes


You had one spell level left.
You knew the following spells:

 Your Spells              Type           Power        Failure   Level  Hunger
a - Ensorcelled Hibernat  Hex/Ice        #.....       14%         2    ##.....
b - Corona                Hex            ###....      4%          1    #......
c - Confuse               Hex            ###.....     12%         3    ###....


Dungeon Overview and Level Annotations

Branches:
Dungeon (3/15)

Altars:
Xom


Innate Abilities, Weirdness & Mutations

You are tiny and cannot use many weapons and most armour.
You have supernaturally acute eyesight. (SInv)
You are a herbivore.
You cover ground extremely quickly.
You need consume almost no food.


Message History

Confirm with . or Enter, or press ? or * to list all spells.
Aiming: Ensorcelled Hibernation
Press: ? - help, Shift-Dir - straight line, f/p - orc priest
Aim: an orc priest, wielding a club (chance to defeat MR: 39%)
The orc priest resists with some effort.
The orc priest barely misses you.
Casting: Ensorcelled Hibernation
Confirm with . or Enter, or press ? or * to list all spells.
Aiming: Ensorcelled Hibernation
Press: ? - help, Shift-Dir - straight line, f/p - orc priest
Aim: an orc priest, wielding a club (chance to defeat MR: 39%)
The orc priest resists with some effort.
The orc priest miscasts a cantrip.
You hit the orc priest but do no damage.
The orc priest miscasts a cantrip.
You hit the orc priest but do no damage.
The orc priest mumbles some strange prayers to Beogh against you.
Pain shoots through your body!
Ouch! That really hurt!
You die...

#o#
#.#
#o#
#.#
####.#
#....#
#.####
#o#
#@#
###


You could see an orc priest.

Vanquished Creatures
  An adder (D:2)
  A worm (D:2)
  A giant gecko (D:2)
  2 orcs
  A giant cockroach (D:1)
  5 goblins
  A hobgoblin (D:2)
  2 kobolds (D:1)
  2 bats (D:1)
  2 giant newts (D:1)
  A rat (D:1)
19 creatures vanquished.

Notes
Turn   | Place    | Note
--------------------------------------------------------------
     0 | D:1      | Ryco the Spriggan Enchanter began the quest for the Orb.
     0 | D:1      | Reached XP level 1. HP: 9/9 MP: 5/5
   164 | D:1      | Reached XP level 2. HP: 12/13 MP: 6/6
   168 | D:1      | Learned a level 2 spell: Ensorcelled Hibernation
   299 | D:2      | Reached skill level 5 in Stealth
   488 | D:2      | Reached XP level 3. HP: 5/16 MP: 0/8
   493 | D:2      | Learned a level 3 spell: Confuse
   540 | D:2      | Found a shimmering altar of Xom.
   672 | D:3      | Killed from afar by an orc priest

Vault maps used:
D:1:      dpeg_arrival_sounds_slurp
D:2:      xom_teletrap_fun

Skill      XL: |  1  2  3 |
---------------+----------+-----
Stealth        | 5 |  5.3
Hexes          | 4 |  4.0
Fighting       | |  0.2
Short Blades   | |  1.7
Dodging        | |  3.0
Spellcasting   | |  2.9

Action                   || total
-------------------------++-------
Melee: Dagger            ||    52
 Cast: Corona            ||     2
       Ensorcelled Hiber ||    13
 Stab: Sleeping          ||    13
       Distracted        ||     2
Armor: Robe              ||     6
Dodge: Dodged            ||    35
